 Dungeon Crawl Stone Soup version 0.28.0-53-g5a82cb258f (webtiles) character file.

Game seed: 2855741872602731436

119 firemarshallily the Sneak (level 5, -1/35 HPs)
             Began as an Octopode Brigand on June 22, 2022.
             Slain by a gnoll
             ... wielding a +0 flail
              (5 damage)
             ... on level 3 of the Dungeon.
             The game lasted 00:05:49 (3102 turns).

firemarshallily the Sneak (Octopode Brigand)        Turns: 3102, Time: 00:05:49

Health: -1/35      AC:  1    Str: 11    XL:     5   Next: 3%
Magic:  5/5        EV: 12    Int: 13    God:
Gold:   44         SH:  0    Dex: 15    Spells: 4/4 levels left

rFire   . . .      SeeInvis .   a - +2 dagger
rCold   . . .      Faith    .   (no shield)
rNeg    . . .      Spirit   .   (helmet restricted)
rPois   +          Reflect  .   (no amulet)
rElec   .          Harm     .   d - ring of poison resistance
rCorr   .          Rampage  .   e - ring of willpower
Will    +....                   k - +4 ring of slaying
Stlth   ++++......              (no ring)
HPRegen 0.11/turn               (no ring)
MPRegen 0.09/turn               (no ring)
                                (no ring)
                                (no ring)

@: no status effects
A: almost no armour, amphibious, 8 rings, camouflage 1, gelatinous body 1,
(nimble swimmer 1), tentacles
a: no special abilities


You were on level 3 of the Dungeon.
You visited 1 branch of the dungeon, and saw 3 of its levels.

You collected 110 gold pieces.
You spent 66 gold pieces at shops.

Inventory:

Hand Weapons
 a - a +2 dagger (weapon)
Missiles
 b - 8 poisoned darts (quivered)
 c - 2 curare-tipped darts
 g - 51 stones
Jewellery
 d - a ring of poison resistance (left tentacle)
 e - a ring of willpower (right tentacle)
 k - a +4 ring of slaying (on tentacle)
Scrolls
 l - 3 scrolls of enchant armour
 o - a scroll of noise {unknown}
Potions
 f - 3 potions of brilliance
 h - a potion of might
 i - a potion of cancellation {unknown}
 j - a potion of resistance
 m - a potion of lignification {unknown}
 n - a potion of curing {unknown}
 p - a potion of magic


   Skills:
 + Level 2.7 Fighting
 * Level 3.5 Short Blades
 - Level 2.0 Throwing
 - Level 1.0 Dodging
 * Level 6.8 Stealth


You had 4 spell levels left.
You didn't know any spells.
Your spell library contained the following spells:

 Spells                   Type           Power      Damage    Failure   Level
 Animate Skeleton         Necr           0%         N/A       30%         1
 Gell's Gravitas          Tloc           0%         N/A       67%         3
 Lesser Beckoning         Tloc           0%         N/A       67%         3
 Teleport Other           Tloc           0%         N/A       67%         3


Dungeon Overview and Level Annotations

Branches:
Dungeon (3/15)

Altars:

Shops:
D:1 ?


Innate Abilities, Weirdness & Mutations

You cannot wear most types of armour.
You are amphibious.
You can wear up to eight rings at the same time.
Your skin changes colour to match your surroundings (Stealth+).
Your rubbery body absorbs attacks. (AC +1, EV +1)
((You are camouflaged when in or above water. (Stealth+)))
You have tentacles for arms and can constrict up to eight enemies at once.


Message History

There is a large open door here.
You now have 44 gold pieces (gained 18).
You see here a +0 robe. 2 gnolls come into view.
You see here 2 smoky red potions.
p - 2 smoky red potions A gnoll comes into view.
It is wielding a +0 flail.
A gnoll shaman comes into view. It is wielding a +0 club.
A gnoll comes into view. It is wielding a +0 flail.
The gnoll closely misses you.
You barely miss the gnoll. You grab the gnoll. You squeeze the gnoll.
The gnoll is moderately wounded.
You constrict the gnoll.
The gnoll shouts!
The gnoll shaman shouts!
The gnoll shaman calls upon its god to speed up the gnoll.
The gnoll seems to speed up.
The gnoll hits you with a +0 club.
The gnoll shouts!
You release your grip on the gnoll.
You closely miss the gnoll. You grab the gnoll.
The gnoll is heavily wounded.
You constrict the gnoll, but do no damage.
The gnoll closely misses you.
You barely miss the gnoll. You squeeze the gnoll.
You kill the gnoll!
You have reached level 5!
You feel stronger. The gnoll hits you with a +0 flail!
There is a large open door, spattered with blood here.
You hit the gnoll. You grab the gnoll.
The gnoll is lightly wounded.
You constrict the gnoll, but do no damage.
The gnoll hits you with a +0 flail.
You hit the gnoll.
The gnoll is moderately wounded.
You constrict the gnoll. The gnoll closely misses you.
The gnoll hits you with a +0 flail!
* * * LOW HITPOINT WARNING * * *
It was a potion of magic.
Magic courses through your body.
You constrict the gnoll. The gnoll hits you with a +0 flail.
You die...

########### #.........#
#.####'##..#
#..##.8.##..#
##†.##...##..##
########..##...##..####
....>####..##...##....#
..........†.++.8@gg...#
......<##..##...##g[..#
.......#..##...##..####
.........##...##.)##
........##.8.##....#
.......####+##..g..#
..............##...#
......###.#### #...#
......# # ....#


You could see a gnoll shaman and 2 gnolls.

Vanquished Creatures
  4 adders
  A gnoll (D:3)
  3 worms
  A dart slug (D:2)
  An orc (D:3)
  2 ball pythons
  4 bats
  9 endoplasms
  2 giant cockroaches
  7 goblins
  7 hobgoblins
  2 jackals (D:1)
  6 kobolds
  2 quokkas
  A frilled lizard (D:1)
  3 rats
55 creatures vanquished.

Notes
Turn   | Place    | Note
-------+----------+-------------------------------------------
     0 | D:1      | firemarshallily the Octopode Brigand began the quest for
                  | the Orb.
     0 | D:1      | Reached XP level 1. HP: 14/14 MP: 1/1
   107 | D:1      | Found Ivoadgh's Magic Scroll Shop.
   522 | D:1      | Reached XP level 2. HP: 19/19 MP: 2/2
   795 | D:1      | Reached XP level 3. HP: 20/24 MP: 3/3
   804 | D:1      | Reached skill level 6 in Stealth
   966 | D:1      | Found a faded altar of an unknown god.
   977 | D:1      | Got Plato's Compendium of Sinister Magic
  1534 | D:1      | Bought 2 scrolls of identify for 44 gold pieces
  1893 | D:2      | Reached XP level 4. HP: 16/30 MP: 4/4
  2176 | D:1      | Bought a scroll of identify for 22 gold pieces
  3097 | D:3      | Reached XP level 5. HP: 28/35 MP: 5/5
  3102 | D:3      | Slain by a gnoll

Illustrated notes

Levels and vault maps discovered:
D:1:      minmay_arrival_open_corners, layout_basic,
          shapermc_ecumenical_altar_rom_forum, serial_shops, shop
D:2:      layout_basic
D:3:      layout_rooms, grunt_decor_arrowhead, st_stairs_11,
          minmay_close_crescents

Skill      XL: |  1  2  3 |
---------------+----------+-----
Stealth        | 6 |  6.8
Short Blades   | 3 |  3.5
Fighting       | |  2.7
Throwing       | |  2.0
Dodging        | |  1.0

Action                   |  1- 3 |  4- 6 || total
-------------------------+-------+-------++-------
Melee: Dagger            |    75 |    34 ||   109
       Constrict         |    15 |    12 ||    27
       Tentacles         |    16 |     5 ||    21
       Punch             |     2 |       ||     2
  Use: Scroll            |     2 |     2 ||     4
       Potion            |       |     1 ||     1
 Stab: Sleeping          |    12 |     8 ||    20
Armor: Skin              |     5 |     1 ||     6
Dodge: Dodged            |    24 |    13 ||    37
